Islanders vs Condors

Created - 6 février 2024 at 12:36

Goals
1 2 3 OT1 T
Islanders 0 0 0 1 1
Condors 0 0 0 0 0
Shots
1 2 3 OT1 T
Islanders 2 0 3 4 9
Condors 3 2 1 3 9

GoalsPenalties
1st period
No Goal
Nick Wolff (EDM) for Tripping (Minor) at 10:24
Max Jones (EDM) for Hooking (Minor) at 12:37
2nd period
No Goal
Alexander Nylander (NYI) for Roughing (Minor) at 11:40
3rd period
No Goal
Max Jones (EDM) for Hooking (Minor) at 0:22
Overtime #1
1. Islanders , Jordy Bellerive 9 (Taro Hirose 7, Seth Helgeson 10) at 1:28
James Hamblin (EDM) for Fighting (Major) at 0:15
Brent Gates Jr. (NYI) for Fighting (Major) at 0:15
Goalie Stats
Hugo Alnefelt (NYI), 9 saves from 9 shots - (1,000), W, 31-33-11, 61:28 minutes
Akira Schmid (EDM), 8 saves from 9 shots - (0,889), OTL, 22-13-6, 61:28 minutes
3 StarsOfficial
1 - Jordy Bellerive (NYI)
2 - Hugo Alnefelt (NYI)
3 - Taro Hirose (NYI)
Referees : Trevor Hanson and Graham Skilliter
Linesman : Bevan Mills and Veronica Lovensno
Game Note
James Hamblin beats up Brent Gates Jr. at 0:15 of 1st overtime period
1:28 of 1st overtime period - Islanders goal is going for a video replay. After video review, Goal.



Team Name Goals Shots Shots Attemp Shots Blocked PIM HIT PP PK FO%
Islanders 191547160 / 3 (0%)037%
Condors 0919211180 / 1 (0%)063%

Islanders
Player Name POS G A P +/- PIM HIT SHT SB MP PP MP PP SHT PK MP PK SHT FO% FOT GA TA
Alexander NylanderC/LW/RW0000220021:342:5200:00044% 1620
Brandon GignacLW0000021016:332:2601:0900% 200
Brent Gates Jr.C0000531013:412:2900:53040% 510
Cole CasselsC0000021020:312:2100:0000% 100
David FarranceD0000010223:202:1400:3600% 010
Grigori DenisenkoLW/RW000000109:560:0000:0000% 000
Jack DoughertyD0000000022:133:4301:2300% 001
Jackson CatesC000000000:000:0000:0000% 000
Jakub GalvasD0000010017:250:0000:0000% 000
Jordy BelleriveC101100203:000:3600:00050% 200
Libor HajekD0000020026:243:4301:2300% 010
Matt CoronatoRW0000010123:052:5201:0600% 110
Ryan SchmelzerC0000000021:252:4900:000100% 100
Seth BartonD000000006:350:0000:0000% 000
Seth HelgesonD0111001125:472:1400:3600% 010
Steven FogartyC/RW0000001017:310:4700:0000% 000
Taro HiroseLW0111010018:090:3900:5000% 210
Tyler MaddenC0000011015:140:0000:0000% 000
Condors
Player Name POS G A P +/- PIM HIT SHT SB MP PP MP PP SHT PK MP PK SHT FO% FOT GA TA
Alexander TrueC/RW0000031020:030:3902:06075% 401
Brandon ScanlinD0000020121:530:3002:4500% 000
Brayden PachalD000001005:360:1200:0000% 000
Cole FonstadLW0000020019:120:4101:3600% 000
Dmitri SamorukovD000-1030126:371:0803:1200% 000
Egor AfanasyevC/LW000-1023012:210:3000:25050% 401
Filip RoosD000000000:000:0000:0000% 000
Grant HuttonD0000000018:540:5102:4500% 000
Hunter McKownC0000010022:340:5902:48083% 600
James HamblinC/RW0000511018:230:5200:31050% 401
Jonathan AspirotD0000001021:421:1703:1200% 001
Max JonesLW/RW000-1401022:571:0900:4200% 202
Nick WolffD0000200012:510:0000:0000% 001
Tristen NielsenC0000010018:031:0701:01067% 300
Ty TullioRW000001004:340:0000:0000% 001
Vasili PonomarevC0000001018:550:0002:45071% 710
Walker DuehrRW0000001016:450:0000:0000% 000
Zack HayesD0000010017:030:0000:0000% 000

Islanders

5 vs 5 Forward
Line #Left WingCenterRight WingPHYDFOFWanted %Time %Time Play
1Matt CoronatoAlexander NylanderRyan Schmelzer1224029%15:21
2Cole CasselsAlexander NylanderMatt Coronato1223029%14:56
3Ryan SchmelzerCole CasselsMatt Coronato1222013%6:33
4Tyler MaddenTaro HiroseMatt Coronato1221029%15:14
5 vs 5 Defense
Line #DefenseDefensePHYDFOFWanted %Time %Time Play
1Seth HelgesonLibor Hajek1224032%16:44
2David FarranceLibor Hajek1223034%17:30
3Jakub GalvasLibor Hajek1222022%11:34
4Libor HajekJack Dougherty1221012%6:16
Power Play Forward
Line #Left WingCenterRight WingPHYDFOFWanted %Time %Time Play
1Matt CoronatoAlexander NylanderRyan Schmelzer1226061%3:36
2Matt CoronatoAlexander NylanderCole Cassels1224039%2:21
Power Play Defense
Line #DefenseDefensePHYDFOFWanted %Time %Time Play
1Jack DoughertyLibor Hajek1226085%5:04
2Libor HajekJack Dougherty1224015%0:53
Penalty Kill 4 Players Forward
Line #CenterWingPHYDFOFWanted %Time %Time Play
1Matt CoronatoAlexander Nylander12260100%1:59
2Alexander NylanderMatt Coronato122400%0:00
Penalty Kill 4 Players Defense
Line #DefenseDefensePHYDFOFWanted %Time %Time Play
1Jack DoughertyLibor Hajek12260100%1:59
2Libor HajekJack Dougherty122400%0:00
Penalty Kill 3 Players
Line #WingPHYDFOFWanted %Time %Time PlayDefenseDefensePHYDFOFWanted %Time %Time Play
1Matt Coronato122600%0:00 Jack DoughertyLibor Hajek122600%0:00
2Matt Coronato122400%0:00 Libor HajekJack Dougherty122400%0:00
4 vs 4 Forward
Line #CenterWingPHYDFOFWanted %Time %Time Play
1Matt CoronatoAlexander Nylander122600%0:00
2Alexander NylanderMatt Coronato122400%0:00
4 vs 4 Defense
Line #DefensePHYDFOFWanted %Time %Time Play
1Libor HajekJack Dougherty122600%0:00
2Libor HajekSeth Helgeson122400%0:00
Last Minutes Offensive
Left WingCenterRight WingDefenseDefense
Matt CoronatoAlexander NylanderRyan SchmelzerSeth HelgesonLibor Hajek
Last Minutes Defensive
Left WingCenterRight WingDefenseDefense
Matt CoronatoAlexander NylanderRyan SchmelzerSeth HelgesonLibor Hajek
Time
Total ForwardTotal DefenseLast Minutes OffensiveLast Minutes Defensive
60:00 60:00 0:000:00
Extra Forwards
Normal PowerPlayPenalty Kill
Ryan Schmelzer, Alexander Nylander, Matt CoronatoMatt Coronato, Alexander NylanderMatt Coronato
Extra Defensemen
Normal PowerPlayPenalty Kill
David Farrance, Libor Hajek, Jack DoughertyLibor Hajek, Jack DoughertyLibor Hajek
Penalty Shots
Alexander Nylander, Matt Coronato, Taro Hirose, Ryan Schmelzer, Cole Cassels
Goalie
Hugo Alnefelt, Dennis Hildeby
Scratches
Dmitry Osipov (Healthy), John Moore (Healthy), Kody Clark (Healthy), Matthew Strome (Healthy), Brendan Warren (Healthy) Cameron Hillis (Healthy), Cedric Lacroix (Healthy), Hayden Hodgson (Healthy), Henri Nikkanen (Healthy), Hunter Jones (Healthy)

Condors

5 vs 5 Forward
Line #Left WingCenterRight WingPHYDFOFWanted %Time %Time Play
1Max JonesHunter McKownWalker Duehr1224030%15:25
2Hunter McKownMax JonesJames Hamblin1223025%12:51
3Cole FonstadVasili PonomarevMax Jones1222025%12:55
4Alexander TrueTristen NielsenHunter McKown1311021%10:53
5 vs 5 Defense
Line #DefenseDefensePHYDFOFWanted %Time %Time Play
1Dmitri SamorukovJonathan Aspirot1224033%17:07
2Dmitri SamorukovGrant Hutton1223031%16:24
3Brandon ScanlinZack Hayes1222018%9:36
4Nick WolffBrandon Scanlin1221017%8:57
Power Play Forward
Line #Left WingCenterRight WingPHYDFOFWanted %Time %Time Play
1Max JonesHunter McKownTristen Nielsen1046066%1:18
2Max JonesHunter McKownJames Hamblin1044034%0:41
Power Play Defense
Line #DefenseDefensePHYDFOFWanted %Time %Time Play
1Dmitri SamorukovJonathan Aspirot0146057%1:08
2Jonathan AspirotGrant Hutton0054043%0:51
Penalty Kill 4 Players Forward
Line #CenterWingPHYDFOFWanted %Time %Time Play
1Vasili PonomarevHunter McKown0416083%4:56
2Hunter McKownTristen Nielsen0414017%1:01
Penalty Kill 4 Players Defense
Line #DefenseDefensePHYDFOFWanted %Time %Time Play
1Dmitri SamorukovJonathan Aspirot1316054%3:12
2Brandon ScanlinGrant Hutton1314046%2:45
Penalty Kill 3 Players
Line #WingPHYDFOFWanted %Time %Time PlayDefenseDefensePHYDFOFWanted %Time %Time Play
1Hunter McKown131600%0:00 Dmitri SamorukovJonathan Aspirot131600%0:00
2Hunter McKown131400%0:00 Zack HayesBrandon Scanlin131400%0:00
4 vs 4 Forward
Line #CenterWingPHYDFOFWanted %Time %Time Play
1Tristen NielsenHunter McKown122600%0:00
2Hunter McKownTristen Nielsen122400%0:00
4 vs 4 Defense
Line #DefensePHYDFOFWanted %Time %Time Play
1Dmitri SamorukovJonathan Aspirot122600%0:00
2Dmitri SamorukovGrant Hutton122400%0:00
Last Minutes Offensive
Left WingCenterRight WingDefenseDefense
Max JonesWalker DuehrJames HamblinZack HayesJonathan Aspirot
Last Minutes Defensive
Left WingCenterRight WingDefenseDefense
Cole FonstadHunter McKownMax JonesDmitri SamorukovBrandon Scanlin
Time
Total ForwardTotal DefenseLast Minutes OffensiveLast Minutes Defensive
60:00 60:00 0:000:00
Extra Forwards
Normal PowerPlayPenalty Kill
Tristen Nielsen, James Hamblin, Vasili PonomarevTristen Nielsen, Cole FonstadVasili Ponomarev
Extra Defensemen
Normal PowerPlayPenalty Kill
Brandon Scanlin, Zack Hayes, Nick WolffBrandon Scanlin, Zack HayesNick Wolff
Penalty Shots
Max Jones, Hunter McKown, Vasili Ponomarev, Tristen Nielsen, James Hamblin
Goalie
Akira Schmid, Hunter Shepard
Scratches
Connor Bunnaman (Healthy), Nikolai Knyzhov (Healthy), Austin Rueschhoff (Healthy), Andre Lee (Healthy), Patrick Giles (Healthy) Cole Krygier (Healthy), Jack St. Ivany (Healthy), Jordan Frasca (Healthy), Luke Toporowski (Healthy), Navrin Mutter (Healthy) Olle Eriksson Ek (Healthy), Ryan Fanti (Healthy), Pavel Cajan (Healthy)


Play-by-Play

1st period


0:01 of 1st period - Alexander Nylander wins face-off versus Hunter McKown in neutral zone.
0:06 of 1st period - Max Jones is hit by Alexander Nylander and loses puck.
0:17 of 1st period - Snap shot by Max Jones.
0:17 of 1st period - Stopped by Hugo Alnefelt without a rebound.
0:18 of 1st period - Alexander Nylander wins face-off versus James Hamblin in Islanders zone.
0:52 of 1st period - Vasili Ponomarev is hit by Jakub Galvas and loses puck.
2:21 of 1st period - Cole Cassels is hit by Alexander True and loses puck.
3:19 of 1st period - Icing by Alexander True.
3:20 of 1st period - Brent Gates Jr. wins face-off versus Egor Afanasyev in Condors zone.
4:04 of 1st period - Off-side.
4:05 of 1st period - Alexander Nylander wins face-off versus Vasili Ponomarev in neutral zone.
4:28 of 1st period - Slapshot by Dmitri Samorukov.
4:28 of 1st period - Shot Blocked by Matt Coronato.
4:30 of 1st period - Wrist shot by Alexander True.
4:30 of 1st period - Stopped by Hugo Alnefelt with a rebound.
5:49 of 1st period - Tristen Nielsen is hit by Cole Cassels and loses puck.
5:56 of 1st period - Snap shot by Brent Gates Jr..
5:56 of 1st period - Stopped by Akira Schmid with a rebound.
6:30 of 1st period - Hunter McKown is hit by Brent Gates Jr. and loses puck.
7:42 of 1st period - Walker Duehr is hit by Brandon Gignac and loses puck.
9:11 of 1st period - David Farrance is hit by Alexander True and loses puck.
10:24 of 1st period - Minor Penalty to Nick Wolff for Tripping.
10:25 of 1st period - Alexander Nylander wins face-off versus Vasili Ponomarev in Condors zone.
12:02 of 1st period - Dmitri Samorukov is hit by Brent Gates Jr. and loses puck.
12:24 of 1st period - Penalty to Nick Wolff is over, Nick Wolff is back on ice.
12:37 of 1st period - Minor Penalty to Max Jones for Hooking.
12:38 of 1st period - Vasili Ponomarev wins face-off versus Alexander Nylander in Condors zone.
13:01 of 1st period - Brandon Scanlin is hit by Libor Hajek and loses puck.
14:37 of 1st period - Penalty to Max Jones is over, Max Jones is back on ice.
15:57 of 1st period - Icing by Jonathan Aspirot.
15:58 of 1st period - Alexander True wins face-off versus Brent Gates Jr. in Condors zone.
16:22 of 1st period - Alexander Nylander is hit by Brandon Scanlin and loses puck.
16:49 of 1st period - Slapshot by Tristen Nielsen.
16:49 of 1st period - Shot Misses the Net.
17:10 of 1st period - Tyler Madden is hit by Cole Fonstad and loses puck.
18:24 of 1st period - Nick Wolff is hit by Brandon Gignac and loses puck.
18:29 of 1st period - Wrist shot by Grigori Denisenko.
18:29 of 1st period - Stopped by Akira Schmid with a rebound.
18:47 of 1st period - Slapshot by Egor Afanasyev.
18:47 of 1st period - Stopped by Hugo Alnefelt with a rebound.
19:07 of 1st period - Seth Helgeson is hit by Alexander True and loses puck.
Goals for this period are 0 for Islanders vs 0 for Condors.
Shots for this period are 2 for Islanders vs 3 for Condors.

2nd period


0:01 of 2nd period - Hunter McKown wins face-off versus Alexander Nylander in neutral zone.
0:10 of 2nd period - Snap shot by Walker Duehr.
0:10 of 2nd period - Stopped by Hugo Alnefelt without a rebound.
0:11 of 2nd period - James Hamblin wins face-off versus Alexander Nylander in Islanders zone.
1:16 of 2nd period - Alexander Nylander is hit by Tristen Nielsen and loses puck.
1:49 of 2nd period - Libor Hajek is hit by Dmitri Samorukov and loses puck.
7:34 of 2nd period - Libor Hajek is hit by James Hamblin and loses puck.
7:57 of 2nd period - Taro Hirose is hit by Hunter McKown and loses puck.
10:35 of 2nd period - Libor Hajek is hit by Brayden Pachal and loses puck.
11:11 of 2nd period - Icing by Vasili Ponomarev.
11:12 of 2nd period - Egor Afanasyev wins face-off versus Jordy Bellerive in Condors zone.
11:40 of 2nd period - Minor Penalty to Alexander Nylander for Roughing.
11:41 of 2nd period - Hunter McKown wins face-off versus Brandon Gignac in Islanders zone.
11:47 of 2nd period - Wrist shot by Max Jones.
11:47 of 2nd period - Shot Misses the Net.
11:54 of 2nd period - Icing by Tristen Nielsen.
11:55 of 2nd period - Tristen Nielsen wins face-off versus Matt Coronato in Condors zone.
12:37 of 2nd period - Jack Dougherty is hit by Egor Afanasyev and loses puck.
13:40 of 2nd period - Penalty to Alexander Nylander is over, Alexander Nylander is back on ice.
13:55 of 2nd period - Icing by Seth Helgeson.
13:56 of 2nd period - Alexander True wins face-off versus Alexander Nylander in Islanders zone.
13:57 of 2nd period - Wrist shot by Vasili Ponomarev.
13:57 of 2nd period - Stopped by Hugo Alnefelt without a rebound.
13:58 of 2nd period - Vasili Ponomarev wins face-off versus Alexander Nylander in Islanders zone.
14:05 of 2nd period - Snap shot by Max Jones.
14:05 of 2nd period - Shot Blocked by David Farrance.
14:07 of 2nd period - Wrist shot by Vasili Ponomarev.
14:07 of 2nd period - Shot Misses the Net.
15:35 of 2nd period - Icing by Jack Dougherty.
15:36 of 2nd period - Alexander Nylander wins face-off versus Alexander True in Islanders zone.
16:20 of 2nd period - Cole Fonstad is hit by Cole Cassels and loses puck.
17:19 of 2nd period - Snap shot by Vasili Ponomarev.
17:19 of 2nd period - Shot Misses the Net.
17:29 of 2nd period - Snap shot by Jakub Galvas.
17:29 of 2nd period - Shot Blocked by Brandon Scanlin.
19:35 of 2nd period - Alexander Nylander is hit by Ty Tullio and loses puck.
Goals for this period are 0 for Islanders vs 0 for Condors.
Shots for this period are 0 for Islanders vs 2 for Condors.

3rd period


0:01 of 3rd period - Alexander Nylander wins face-off versus Max Jones in neutral zone.
0:05 of 3rd period - Seth Helgeson is hit by Dmitri Samorukov.
0:22 of 3rd period - Minor Penalty to Max Jones for Hooking.
0:23 of 3rd period - Vasili Ponomarev wins face-off versus Alexander Nylander in Condors zone.
0:38 of 3rd period - Slapshot by Ryan Schmelzer.
0:38 of 3rd period - Shot Misses the Net.
0:48 of 3rd period - Dmitri Samorukov is hit by Libor Hajek and loses puck.
2:22 of 3rd period - Penalty to Max Jones is over, Max Jones is back on ice.
2:29 of 3rd period - Snap shot by Steven Fogarty.
2:29 of 3rd period - Shot Misses the Net.
2:31 of 3rd period - Backhand shot by Tyler Madden.
2:31 of 3rd period - Stopped by Akira Schmid without a rebound.
2:32 of 3rd period - Hunter McKown wins face-off versus Taro Hirose in Condors zone.
2:53 of 3rd period - Jakub Galvas is hit by Zack Hayes and loses puck.
7:09 of 3rd period - Icing by Vasili Ponomarev.
7:10 of 3rd period - Egor Afanasyev wins face-off versus Brandon Gignac in Condors zone.
7:10 of 3rd period - Egor Afanasyev is hit by Brent Gates Jr..
7:13 of 3rd period - Icing by Brandon Scanlin.
7:14 of 3rd period - Vasili Ponomarev wins face-off versus Brent Gates Jr. in Condors zone.
7:28 of 3rd period - Off-side.
7:29 of 3rd period - Tristen Nielsen wins face-off versus Alexander Nylander in neutral zone.
7:37 of 3rd period - Snap shot by Hunter McKown.
7:37 of 3rd period - Shot Blocked by David Farrance.
7:39 of 3rd period - Slapshot by Jonathan Aspirot.
7:39 of 3rd period - Stopped by Hugo Alnefelt without a rebound.
7:40 of 3rd period - Hunter McKown wins face-off versus Alexander Nylander in Islanders zone.
8:02 of 3rd period - Icing by Dmitri Samorukov.
8:03 of 3rd period - Vasili Ponomarev wins face-off versus Taro Hirose in Condors zone.
8:03 of 3rd period - Vasili Ponomarev is hit by Tyler Madden.
8:11 of 3rd period - David Farrance is hit by Dmitri Samorukov.
8:25 of 3rd period - Cole Fonstad is hit by Alexander Nylander and loses puck.
8:40 of 3rd period - Backhand shot by Cole Cassels.
8:40 of 3rd period - Stopped by Akira Schmid with a rebound.
8:50 of 3rd period - Cole Fonstad is hit by David Farrance and loses puck.
9:22 of 3rd period - Brandon Gignac is hit by Brandon Scanlin and loses puck.
9:42 of 3rd period - Icing by Brandon Scanlin.
9:43 of 3rd period - Alexander Nylander wins face-off versus Tristen Nielsen in Condors zone.
9:44 of 3rd period - Snap shot by Steven Fogarty.
9:44 of 3rd period - Stopped by Akira Schmid with a rebound.
10:06 of 3rd period - James Hamblin is hit by Taro Hirose and loses puck.
12:41 of 3rd period - Icing by Cole Fonstad.
12:42 of 3rd period - Hunter McKown wins face-off versus Alexander Nylander in Condors zone.
12:53 of 3rd period - Jonathan Aspirot is hit by Matt Coronato and loses puck.
15:00 of 3rd period - Brent Gates Jr. is hit by Egor Afanasyev and loses puck.
16:13 of 3rd period - Icing by Alexander True.
16:14 of 3rd period - Jordy Bellerive wins face-off versus Max Jones in Condors zone.
18:59 of 3rd period - Icing by Brandon Gignac.
19:00 of 3rd period - Ryan Schmelzer wins face-off versus Egor Afanasyev in Islanders zone.
Goals for this period are 0 for Islanders vs 0 for Condors.
Shots for this period are 3 for Islanders vs 1 for Condors.

Overtime #1


0:01 of 1st overtime period - James Hamblin wins face-off versus Brent Gates Jr. in neutral zone.
0:06 of 1st overtime period - Wrist shot by James Hamblin.
0:06 of 1st overtime period - Stopped by Hugo Alnefelt without a rebound.
0:07 of 1st overtime period - Brent Gates Jr. wins face-off versus James Hamblin in Islanders zone.
0:15 of 1st overtime period - James Hamblin beats up Brent Gates Jr..
0:15 of 1st overtime period - Penalty to James Hamblin for Fighting.
0:15 of 1st overtime period - Penalty to Brent Gates Jr. for Fighting.
0:16 of 1st overtime period - Alexander True wins face-off versus Cole Cassels in Islanders zone.
0:29 of 1st overtime period - Slapshot by Brandon Gignac.
0:29 of 1st overtime period - Shot Misses the Net.
0:31 of 1st overtime period - Slapshot by Brandon Gignac.
0:31 of 1st overtime period - Stopped by Akira Schmid with a rebound.
0:55 of 1st overtime period - Seth Helgeson is hit by Cole Fonstad and loses puck.
1:00 of 1st overtime period - Wrist shot by Egor Afanasyev.
1:00 of 1st overtime period - Shot Misses the Net.
1:02 of 1st overtime period - Snap shot by Egor Afanasyev.
1:02 of 1st overtime period - Stopped by Hugo Alnefelt with a rebound.
1:04 of 1st overtime period - Snap shot by Dmitri Samorukov.
1:04 of 1st overtime period - Deflect By Egor Afanasyev.
1:04 of 1st overtime period - Stopped by Hugo Alnefelt with a rebound.
1:06 of 1st overtime period - Slapshot by Dmitri Samorukov.
1:06 of 1st overtime period - Shot Misses the Net.
1:08 of 1st overtime period - Slapshot by Dmitri Samorukov.
1:08 of 1st overtime period - Shot Blocked by Seth Helgeson.
1:20 of 1st overtime period - Slapshot by Seth Helgeson.
1:20 of 1st overtime period - Stopped by Akira Schmid with a rebound.
1:22 of 1st overtime period - Wrist shot by Taro Hirose.
1:22 of 1st overtime period - Shot Blocked by Dmitri Samorukov.
1:24 of 1st overtime period - Slapshot by Jordy Bellerive.
1:24 of 1st overtime period - Stopped by Akira Schmid with a rebound.
1:26 of 1st overtime period - Wrist shot by Jordy Bellerive.
1:26 of 1st overtime period - Shot Misses the Net.
1:28 of 1st overtime period - Snap shot by Jordy Bellerive.
1:28 of 1st overtime period - Islanders goal is going for a video replay.
1:28 of 1st overtime period - The goal is good.
1:28 of 1st overtime period - Goal by Jordy Bellerive - Islanders : 1 - Condors : 0.
Goals for this period are 1 for Islanders vs 0 for Condors.
Shots for this period are 4 for Islanders vs 3 for Condors.